 Dungeon Crawl Stone Soup version 0.31.0-32-g396128a36d (webtiles) character file.

Game seed: 2805858093791896251

4953 EvilSkull21 the Basher (level 10, -8/88 HPs)
             Began as a Minotaur Fighter on Mar 22, 2024.
             Was an Elder of Wu Jian.
             Killed by divine providence
             ... invoked by an orc priest
              (13 damage)
             ... on level 9 of the Dungeon.
             The game lasted 00:44:27 (6363 turns).

EvilSkull21 the Basher (Minotaur Fighter)           Turns: 6363, Time: 00:44:29

Health: -8/88      AC: 13    Str: 29    XL:     10   Next: 28%
Magic:  9/9        EV: 10    Int:  8    God:    Wu Jian [****..]
Gold:   472        SH:  6    Dex: 17    Spells: 8/9 levels left

rFire   . . .        l - +6 flail of Iloj Nul {freeze, rElec rC+ Dex+4}
rCold   + . .        c - +0 buckler
rNeg    . . .        G - +0 storm dragon scales
rPois   .            m - melded +0 hat
rElec   +            z - melded +0 cloak
rCorr   .            (gloves currently unavailable)
SInv    .            y - melded +0 pair of boots
Will    .....        (no amulet) Stlth
                     n - +6 ring of strength
HPRegen 0.34/turn    N - +4 ring of slaying
MPRegen 0.11/turn

%: no passive effects
@: mighty, about to teleport, beast-form
A: beast (slay +0), horns 2, retaliatory headbutt, hooves 1, agile 1, clever 1,
persistent drain
a: Begin Untransformation, Renounce Religion, Wall Jump, Serpent's Lash


You were on level 9 of the Dungeon.
You worshipped Wu Jian.
Wu Jian was greatly pleased with you.
You were a hulking beast.
You visited 1 branch of the dungeon, and saw 9 of its levels.
You also visited: Bailey.

You collected 472 gold pieces.

Inventory:

Hand Weapons
 a - a +0 flail
 l - the +6 flail of Iloj Nul (weapon) {freeze, rElec rC+ Dex+4}
   (You found it on level 2 of the Dungeon)

   Dex+4:     It affects your dexterity (+4).
   rC+:       It protects you from cold.
   rElec:     It insulates you from electricity.
 L - a +5 battleaxe
 O - a +5 falchion of freezing
Missiles
 f - 99 stones (quivered)
 M - 2 boomerangs
 Q - 5 poisoned darts
Armour
 c - a +0 buckler (worn)
 m - a +0 hat (melded)
 w - a +2 chain mail
 y - a +0 pair of boots (melded)
 z - a +0 cloak (melded)
 G - +0 storm dragon scales (worn)
Jewellery
 d - a ring of wizardry
 n - a +6 ring of strength (left hand)
 H - a ring of fire
 J - a +6 ring of intelligence
 N - a +4 ring of slaying (right hand)
Talismans
 r - a beast talisman (active)
Wands
 g - a wand of flame (11)
 s - a wand of polymorph (9)
 t - a wand of digging (10)
 A - a wand of paralysis (17)
Scrolls
 e - 3 scrolls of vulnerability
 h - 4 scrolls of teleportation
 i - 3 scrolls of identify
 j - a scroll of revelation {unknown}
 k - a scroll of noise {unknown}
 x - a scroll of silence {unknown}
 E - a scroll of amnesia {unknown}
 I - a scroll of enchant weapon {unknown}
 P - a scroll of poison {unknown}
Potions
 q - a potion of heal wounds {unknown}
 u - a potion of haste {unknown}
 B - a potion of attraction {unknown}
 C - 2 potions of curing
 D - a potion of invisibility {unknown}
 F - a potion of magic {unknown}
 K - a potion of lignification {unknown}


   Skills:
 + Level 8.2 Fighting
 + Level 12.5 Maces & Flails
 + Level 8.6 Armour
 + Level 3.3 Dodging
 + Level 1.1 Stealth
 + Level 7.3 Shields
 + Level 1.1 Unarmed Combat
 + Level 0.1 Evocations
 + Level 0.4 Shapeshifting


You had 8 spell levels left.
You knew the following spells:

 Your Spells              Type           Power      Damage    Failure   Level
a - Magic Dart            Conj           0%         1d3       91%         1

Your spell library contained the following spells:

 Spells                   Type           Power      Damage    Failure   Level
 Searing Ray              Conj           0%         2d4       97%         2
 Static Discharge         Conj/Air       0%         3-3/arc   97%         2
 Airstrike                Air            0%         2d(0-16)  100%        4
 Fulminant Prism          Conj/Alch      0%         3d5       100%        4
 Summon Lightning Spire   Summ/Air       0%         N/A       100%        4


Dungeon Overview and Level Annotations

Branches:
Dungeon (9/15)             Temple (0/1) D:5          Bailey (visited)
   Lair: D:8-11         Orc: D:9-12

Altars:
Okawaru
Qazlal
Trog
Wu Jian

Shops:
D:1 ?   D:8 (


Innate Abilities, Weirdness & Mutations

You are a hulking beast.
Your limbs bulge with bestial killing power. (Slay +0)
You have a pair of horns on your head.
You reflexively headbutt those who attack you in melee.
You have large cloven feet.
You are agile. (Dex +4, Str/Int -1)
Your mind is acute. (Int +4, Str/Dex -1)
Your health recovers twice as slowly from being drained.


Message History

An orc comes into view. It is wielding a +0 hand axe.
An orc comes into view. It is wielding a +0 club.
The orc shouts!
You hear a shout!
An orc comes into view. It is wielding a +0 falchion.
The wight hits you with a +0 war axe.
An orc comes into view. It is wielding a +0 mace.
The wight attacks as it pursues you! The wight closely misses you.
You furiously retaliate!
You headbutt the wight!
Okay, then.
Aiming: Wall Jump
Press: ? - help, Dir - move target
Okay, then.
The wight attacks as it pursues you! The wight closely misses you.
You furiously retaliate!
You headbutt the wight!
You destroy the wight!
The Council accepts your kill.
The orc priest calls down the wrath of Beogh upon you.
Beogh smites you!
* * * LOW HITPOINT WARNING * * *
You feel very mighty all of a sudden.
The orc priest mumbles some strange prayers to Beogh against you.
Beogh smites you!
* * * LOW HITPOINT WARNING * * *
A centaur comes into view.
The centaur shouts!
You hear a shout!
The centaur wields a +0 shortbow.
The centaur shoots an arrow.
You block the arrow.
Okay, then.
As you read the scroll of teleportation, it crumbles to dust.
You feel strangely unstable. The orc hits you with a +0 hand axe.
* * * LOW HITPOINT WARNING * * *
The centaur shoots an arrow.
The arrow hits you.
* * * LOW HITPOINT WARNING * * *
You bludgeon the orc!! You freeze the orc.
You kill the orc!
The Council accepts your kill.
The centaur shoots an arrow.
The arrow hits you but does no damage.
The orc priest mumbles some strange prayers to Beogh against you.
Beogh smites you!
You die... oo

o. .. .z c# #o .#
#o .# .. #. .# .#
#.######## .# ..
#..ooz.o.##.#
######.
#..≈≈≈≈≈.#h.#
#......
#..≈...≈o).##
#......
######..~)).≈..####
####......
.....<.?≈)>.≈......
..........
#####...≈≈≈≈≈..###
###...†††
#..#........#
#...<.)
#.###.##.##.#
#####†# #.
#.......# #.# #.
#######.# #.#


You could see a centaur and an orc priest.

Vanquished Creatures
  The ghost of Derpydoo the Trooper, a novice GrBe of Trog (D:8)
  Grinder (D:3)
  A hornet (D:8)
  5 spriggans (Bailey)
  Grum (D:9)
  A wyvern (D:9)
  A steam dragon (D:7)
  A water moccasin (D:8)
  An ice beast (D:6)
  5 black bears
  A sky beast (D:8)
  2 ogres (Bailey)
  4 wolves (D:9)
  3 bullfrogs
  2 scorpions
  9 wights
  2 bombardier beetles
  7 orc priests
  2 jellies (D:5)
  2 sleepcaps
  Ijyb (D:4)
  4 iguanas
  6 orc wizards
  4 gnolls (D:3)
  8 adders
  2 shadow imps
  2 white imps
  2 dart slugs
  3 ribbon worms
  30 orcs
  5 endoplasms
  4 giant cockroaches
  10 goblins
  3 hobgoblins
  8 jackals (D:3)
  4 quokkas
  10 ball pythons
  6 bats
  2 frilled lizards
  8 kobolds
  5 rats
179 creatures vanquished.

Notes
Turn   | Place    | Note
-------+----------+-------------------------------------------
     0 | D:1      | EvilSkull21 the Minotaur Fighter began the quest for the
                  | Orb.
     0 | D:1      | Reached XP level 1. HP: 19/19 MP: 0/0
    89 | D:1      | Reached XP level 2. HP: 19/27 MP: 1/1
   137 | D:1      | Found Vaoptuid's Magic Scroll Shoppe.
   558 | D:2      | Reached skill level 3 in Maces & Flails
   584 | D:2      | Reached XP level 3. HP: 33/33 MP: 2/2
   630 | D:2      | Found an ornate altar of the Wu Jian Council.
   640 | D:2      | Became a worshipper of the Wu Jian Council
   721 | D:2      | Identified the +6 flail of Iloj Nul {freeze, rElec rC+
                  | Dex+4}
  1132 | D:2      | Reached XP level 4. HP: 41/41 MP: 3/3
  1525 | D:3      | Noticed Grinder
  1539 | D:3      | Killed Grinder
  1540 | D:3      | Reached skill level 5 in Maces & Flails
  1540 | D:3      | Reached skill level 1 in Dodging
  1540 | D:3      | Reached XP level 5. HP: 42/47 MP: 4/4
  1540 | D:3      | Reached XP level 6. HP: 48/53 MP: 5/5
  1577 | D:3      | Learned a level 1 spell: Magic Dart
  1602 | D:3      | Reached skill level 5 in Shields
  1852 | D:3      | Reached * piety under Wu Jian
  2332 | D:4      | Reached skill level 5 in Armour
  2332 | D:4      | Reached skill level 1 in Unarmed Combat
  2478 | D:4      | Noticed Ijyb
  2486 | D:4      | Killed Ijyb
  2487 | D:4      | Reached skill level 6 in Maces & Flails
  2487 | D:4      | Reached XP level 7. HP: 53/60 MP: 6/6
  2774 | D:5      | Entered Level 5 of the Dungeon
  2803 | D:5      | Reached ** piety under Wu Jian
  3012 | D:5      | Reached skill level 5 in Fighting
  3098 | D:5      | Found a staircase to the Ecumenical Temple.
  3099 | D:5      | Found a bloodstained altar of Trog.
  3117 | D:5      | Reached skill level 7 in Maces & Flails
  3151 | D:5      | Found a stormy altar of Qazlal.
  3460 | D:6      | Reached XP level 8. HP: 69/69 MP: 7/7
  3797 | D:6      | Reached *** piety under Wu Jian
  4049 | D:6      | Reached skill level 8 in Maces & Flails
  4282 | D:7      | Reached skill level 9 in Maces & Flails
  4501 | D:7      | Reached skill level 10 in Maces & Flails
  4555 | D:7      | Found an iron altar of Okawaru.
  4996 | D:8      | Reached XP level 9. HP: 75/75 MP: 8/8
  5172 | D:8      | Reached skill level 1 in Stealth
  5183 | D:8      | Reached skill level 11 in Maces & Flails
  5394 | D:8      | Found Ufuseot's Weapon Shop.
  5426 | D:8      | Found a runed translucent door.
  5477 | D:8      | Noticed Derpydoo's ghost (novice GrBe)
  5481 | D:8      | Killed Derpydoo's ghost
  5885 | D:9      | Noticed Grum
  5895 | D:9      | Gained mutation: Your health recovers twice as slowly from
                  | being drained. [potion of mutation]
  5895 | D:9      | Gained mutation: You are agile. (Dex +4, Str/Int -1)
                  | [potion of mutation]
  5895 | D:9      | Gained mutation: Your mind is acute. (Int +4, Str/Dex -1)
                  | [potion of mutation]
  5895 | D:9      | Gained mutation: You have large cloven feet. [potion of
                  | mutation]
  5897 | D:9      | Killed Grum
  5898 | D:9      | Reached skill level 12 in Maces & Flails
  6104 | D:9      | Reached XP level 10. HP: 86/86 MP: 9/9
  6113 | D:9      | Found a flagged portal.
  6134 | Bailey   | Entered a bailey
  6140 | Bailey   | Reached **** piety under Wu Jian
  6306 | Bailey   | Noticed a two-headed ogre
  6363 | D:9      | Killed from afar by an orc priest

Illustrated notes

Levels and vault maps discovered:
D:1:      eino_arrival_water_cross, layout_basic, serial_shops, shop_coins
D:2:      mumra_celtic_spiral_tile, layout_basic, basic_altar,
          kennysheep_flooded_box
D:3:      wander_river, layout_basic, uniq_grinder
D:4:      cheibrodos_pilgrimage, layout_rooms, uniq_ijyb
D:5:      layout_basic, mainiacjoe_overflow_brackets, trog_butcher_becter,
          minmay_temple_entry_glass
D:6:      layout_cave_pods
D:7:      layout_cave_pools, okawaru_gym_becter
D:8:      layout_basic, serial_shops, shop, ebering_ghost_reflecting_pool
D:9:      layout_roguey [special_room_bee], enter_bailey_5, uniq_joseph,
          uniq_grum

Skill      XL: |  1  2  3  4  5  6  7  8  9 10 |
---------------+-------------------------------+-----
Fighting       | 4 5 6 7 8 |  8.2
Maces & Flails | 3 5 6 7 10 12 | 12.5
Shields        | 4 5 6 7 |  7.3
Armour         | 4 5 7 8 |  8.6
Dodging        | 1 2 3 |  3.3
Unarmed Combat | 1 |  1.1
Stealth        | 1 |  1.1
Evocations     | |  0.1
Shapeshifting  | |  0.4

Action                     |  1- 3 |  4- 6 |  7- 9 | 10-12 || total
---------------------------+-------+-------+-------+-------++-------
  Melee: Flail             |    74 |    63 |   179 |    23 ||   339
         Headbutt          |     8 |     6 |    27 |     2 ||    43
         Unarmed           |       |     8 |       |       ||     8
         Kick              |       |       |       |     4 ||     4
 Invoke: Serpent's Lash    |       |       |     2 |       ||     2
Ability: Lunge             |     3 |     3 |    25 |     9 ||    40
         Whirlwind         |       |     3 |    17 |     1 ||    21
         Wall Jump         |       |       |     1 |       ||     1
  Evoke: Wand              |       |       |     2 |     5 ||     7
    Use: Scroll            |       |     6 |     1 |     1 ||     8
         Potion            |       |     1 |     2 |     1 ||     4
 Armour: Scale mail        |    47 |    43 |       |       ||    90
         Skin              |       |     4 |       |       ||     4
         Chain mail        |       |     4 |    38 |       ||    42
         Storm dragon scal |       |       |    62 |    30 ||    92
  Dodge: Dodged            |    33 |    39 |    50 |    21 ||   143
  Block: Buckler           |    25 |    23 |    39 |     7 ||    94
   Form: Beast             |       |     2 |     1 |       ||     3
                           |       |       |     1 |       ||     1
